 Dungeon Crawl Stone Soup version 0.31-a0-208-gdb31a4691d (webtiles) character file.

Game seed: 6659373919602170841

125 promet the Trooper (level 4, -1/40 HPs)
             Began as a Draconian Fighter on June 28, 2023.
             Slain by a sleepcap (18 damage)
             ... on level 3 of the Dungeon.
             The game lasted 00:12:19 (4238 turns).

promet the Trooper (Draconian Fighter)              Turns: 4238, Time: 00:12:20

Health: -1/40      AC:  6    Str: 20    XL:     4   Next: 82%
Magic:  4/4        EV:  2    Int:  8    God:
Gold:   147        SH:  0    Dex: 11    Spells: 3/3 levels left

rFire   . . .        a - +0 rapier
rCold   . . .        k - +0 buckler
rNeg    . . .        (body armour unavailable)
rPois   .            (helmet restricted)
rElec   .            (no cloak)
rCorr   .            (no gloves)
SInv    .            y - +0 pair of boots
Will    .....        (no amulet)
Stlth   ++           (no ring)
HPRegen 0.26/turn    (no ring)
MPRegen 0.09/turn

%: no passive effects
@: sleeping
A: AC +5, unfitting armour, cold-blooded
a: no special abilities


You were on level 3 of the Dungeon.
You visited 1 branch of the dungeon, and saw 4 of its levels.

You collected 147 gold pieces.

Inventory:

Hand Weapons
 a - a +0 rapier (weapon)
 b - a +1 dagger of venom
 g - a +2 dagger of holy wrath
 n - a +0 sling
Missiles
 e - 42 stones
 f - 2 curare-tipped darts
 q - 3 poisoned darts
Armour
 k - a +0 buckler (worn)
 y - a +0 pair of boots (worn)
Jewellery
 m - an amulet of the acrobat
 t - a ring of resist corrosion
Scrolls
 d - a scroll of teleportation
 i - a scroll of fog
 j - 2 scrolls of vulnerability
 v - a scroll of poison
 w - a scroll of identify
Potions
 c - a potion of might
 h - a potion of resistance
 l - a potion of degeneration {unknown}
 o - a potion of lignification {unknown}
 p - 3 potions of heal wounds
 r - 2 potions of curing {unknown}
 s - 2 potions of mutation {unknown}
 u - a potion of haste {unknown}
 x - a potion of brilliance {unknown}


   Skills:
 + Level 3.8 Fighting
 + Level 3.3 Short Blades
 + Level 3.2 Dodging
 + Level 1.5 Stealth
 + Level 3.5 Shields


You had 3 spell levels left.
You didn't know any spells.
Your spell library contained the following spells:

 Spells                   Type           Power      Damage    Failure   Level
 Blink                    Tloc           0%         N/A       63%         2
 Ensorcelled Hibernation  Hex/Ice        0%         N/A       63%         2
 Passwall                 Tmut/Erth      0%         N/A       63%         2
 Scorch                   Fire           0%         2d5       63%         2
 Swiftness                Air            0%         N/A       85%         3
 Flame Wave               Conj/Fire      0%         2d4       99%         4
 Manifold Assault         Tloc           0%         N/A       99%         4
 Summon Cactus Giant      Summ           0%         N/A       100%        6
 Storm Form               Tmut/Air       0%         N/A       100%        7


Dungeon Overview and Level Annotations

Branches:
Dungeon (4/15)
 Temple: D:4-7

Altars:
Ashenzari

Shops:
D:4 (


Innate Abilities, Weirdness & Mutations

Your plain brown scales are hard. (AC +5)
You cannot fit into any form of body armour.
You are cold-blooded and may be slowed by cold attacks.


Message History

You hit the sleepcap.
The sleepcap is heavily damaged.
The sleepcap closely misses you.
You hit the sleepcap.
The sleepcap is heavily damaged.
The sleepcap releases spores at you but does no damage.
You hit the sleepcap.
The sleepcap is heavily damaged.
The sleepcap barely misses you.
You hit the sleepcap but do no damage. You tail-slap the sleepcap.
The sleepcap is severely damaged.
The sleepcap misses you.
You hit the sleepcap but do no damage.
The sleepcap is severely damaged.
The sleepcap releases spores at you.
You hit the sleepcap but do no damage.
The sleepcap is severely damaged.
The sleepcap releases spores at you but does no damage.
You hit the sleepcap but do no damage.
The sleepcap is severely damaged.
The sleepcap barely misses you.
You hit the sleepcap.
The sleepcap is severely damaged.
The sleepcap barely misses you.
You hit the sleepcap but do no damage.
The sleepcap is severely damaged.
The sleepcap releases spores at you but does no damage.
You hit the sleepcap.
The sleepcap is severely damaged.
You block the sleepcap's attack.
You hit the sleepcap.
The sleepcap is almost destroyed.
The sleepcap barely misses you. The sleepcap releases spores at you.
You hit the sleepcap.
The sleepcap is almost destroyed.
The sleepcap releases spores at you.
You are engulfed in a cloud of soporific spores!
You fall asleep.
The sleepcap releases spores at you!!
You die...

#.....#
####.............
#.###.#
#....####........
#.###.#######)####
#########
#####...#.##......#
..................#
#####...###.......#
.........##.......#
≈≈≈≈≈≈≈≈.##....f).#####
.......≈........@.....#
.###.#.≈.#.#####......#
.#...#.≈.#....##......#
.#._.#.≈.#....##......#
.#...#.≈......##.######
.#.###.≈....##......###
##
............##.#......#
###.
≈≈≈≈≈≈≈≈....##.#......#
#...
............##.#......#
#...


You could see a sleepcap.

Vanquished Creatures
  2 orc wizards (D:4)
  2 adders
  An ufetubus (D:4)
  2 dart slugs (D:2)
  2 orcs
  7 ball pythons
  4 bats
  4 endoplasms
  2 giant cockroaches
  6 hobgoblins
  3 quokkas (D:1)
  2 frilled lizards (D:1)
  3 goblins
  6 kobolds
  3 rats
49 creatures vanquished.

Notes
Turn   | Place    | Note
-------+----------+-------------------------------------------
     0 | D:1      | promet the Draconian Fighter began the quest for the Orb.
     0 | D:1      | Reached XP level 1. HP: 19/19 MP: 1/1
   285 | D:1      | Reached XP level 2. HP: 21/26 MP: 2/2
  1606 | D:2      | Reached XP level 3. HP: 28/31 MP: 3/3
  2613 | D:3      | Reached skill level 1 in Stealth
  3094 | D:3      | Found a broken altar of Ashenzari.
  3371 | D:4      | Reached XP level 4. HP: 33/40 MP: 4/4
  3378 | D:4      | Noticed an ogre
  3424 | D:4      | Found Qeile's Antique Weapon Shop.
  4238 | D:3      | Slain by a sleepcap

Illustrated notes

Levels and vault maps discovered:
D:1:      dpeg_arrival_boxorama, layout_basic, due_unseen_surprise
D:2:      layout_loops_ring, serial_forest, infiniplex_forest_end_3,
          infiniplex_forest_clump_tiny, infiniplex_forest_straight_2,
          infiniplex_forest_lined_room_2, infiniplex_forest_join,
          infiniplex_forest_clump_tiny, infiniplex_forest_pool
D:3:      layout_basic, mainiacjoe_overflow_brackets
D:4:      layout_loops_corners, serial_shops, nicolae_shop_gibbet_a_chance

Skill      XL: |  1  2  3 |
---------------+----------+-----
Dodging        | 3 |  3.2
Stealth        | 1 |  1.5
Short Blades   | 3 |  3.3
Fighting       | |  3.8
Shields        | |  3.5

Action                     |  1- 3 |  4- 6 || total
---------------------------+-------+-------++-------
  Melee: Rapier            |   132 |    58 ||   190
         Tailslap          |    12 |    10 ||    22
         Dagger            |     3 |       ||     3
    Use: Scroll            |     7 |       ||     7
   Stab: Sleeping          |     5 |     2 ||     7
 Armour: Skin              |    36 |    11 ||    47
  Dodge: Dodged            |    64 |    27 ||    91
  Block: Buckler           |    17 |    12 ||    29

Table legend: (Time is in decaauts)
 A = Elapsed time spent in this place.
 B = Non-inter-level travel time spent in this place.
 C = Inter-level travel time spent in this place.
 D = Time resting spent in this place.
 E = Time spent auto-exploring this place.
 F = Levels seen in this place.
 G = Mean time per level.
                   A        B        C        D        E       F      G
               +--------+--------+--------+--------+--------+-----+--------+
         Total |   4261 |   4199 |     62 |    932 |   2001 |   4 | 1065.2 |
       Dungeon |   4261 |   4199 |     62 |    932 |   2001 |   4 | 1065.2 |
               +--------+--------+--------+--------+--------+-----+--------+

Top non-repeatable levels by time:
     D:1: 1299 daAuts
     D:2: 1280 daAuts
     D:4: 851 daAuts
     D:3: 830 daAuts
